 Dungeon Crawl Stone Soup version 0.23.2-1-ga50397a (webtiles) character file.

Game seed: 6992999732014647928

109 teukkam the Shield-Bearer (level 4, -1/41 HPs)
             Began as a Minotaur Fighter on May 22, 2019.
             Was an Initiate of Wu Jian.
             Slain by an orc wizard
             ... wielding a +0 dagger
              (3 damage)
             ... on level 4 of the Dungeon.
             The game lasted 00:01:40 (308 turns).

teukkam the Shield-Bearer (Minotaur Fighter)         Turns: 308, Time: 00:01:42

Health: -1/41      AC:  7    Str: 26    XL:     4   Next: 59%
Magic:  3/3        EV:  7    Int:  5    God:    Wu Jian [......]
Gold:   26         SH: 11    Dex: 10    Spells: 3/3 levels left

rFire    . . .     SeeInvis .   a - +0 war axe
rCold    . . .     Gourm    .   c - +1 shield
rNeg     . . .     Faith    .   b - +0 scale mail
rPois    .         Spirit   .   (helmet restricted)
rElec    .         Reflect  .   (no cloak)
rCorr    .         Harm     .   (no gloves)
MR       .....                  (no boots)
Stlth    ..........             (no amulet)
HPRegen  0.13/turn              (no ring)
MPRegen  0.08/turn              (no ring)

@: mighty, slowed, very slow
A: retaliatory headbutt, horns 2
a: Renounce Religion


You were on level 4 of the Dungeon.
You worshipped Wu Jian.
Wu Jian was noncommittal.
You were not hungry.

You visited 1 branch of the dungeon, and saw 4 of its levels.

You collected 26 gold pieces.

Inventory:

Hand Weapons
 a - a +0 war axe (weapon)
Missiles
 g - 14 poisoned needles
Armour
 b - a +0 scale mail (worn)
 c - a +1 shield (worn)
Scrolls
 e - a scroll of amnesia {unknown}
Potions
 k - a potion of cancellation
Comestibles
 f - 4 rations
 h - 3 chunks of flesh


   Skills:
 + Level 4.5 Fighting
 + Level 3.6 Axes
 + Level 4.5 Armour
 + Level 4.5 Shields


You had 3 spell levels left.
You didn't know any spells.
Your spell library was empty.

Dungeon Overview and Level Annotations

Branches:
Dungeon (4/15)
 Temple: D:4-7

Altars:
Makhleb
Wu Jian


Innate Abilities, Weirdness & Mutations

You reflexively headbutt those who attack you in melee.
You have a pair of horns on your head.


Message History

You kill the orc wizard!
The Council accepts your kill.
Your shield and scale mail prevent you from hitting the orc.
The orc wizard looks satisfied for a moment.
The orc hits you but does no damage.
The orc wizard hits you but does no damage.
You block the orc's attack.
You feel very mighty all of a sudden.
The orc wizard hits you but does no damage. x2
The orc hits you but does no damage.
The orc wizard miscasts a cantrip.
You block the orc's attack.
Your shield and scale mail prevent you from hitting the orc wizard.
Your headbutt misses the orc wizard.
The orc wizard is heavily wounded.
You closely miss the orc.
The orc wizard begins to cast a cantrip, but forgets the words!
You block the orc wizard's attack. You block the orc's attack.
The orc wizard hits you with a +0 dagger.
You die...

#.###....#####..
#.......##.. ..#
####..#..#.# #..
##.###.#.###.# ####..#
#.#.##...
#....####......_.
#.#####....#.#... ####
##.# ###.##.#.##.#
.....###@o###.ยง.#..#....#
.......o).....###..####..
#+##.....#####..........#
##....## #.########.#
##....## #.# #.# ##....#
.# #.# ##....# .# #.#
''.....## #.. #....### ###


You could see an orc wizard and an orc.

Vanquished Creatures
  A hound (D:4)
  An orc priest (D:4)
  An orc wizard (D:4)
  A hound skeleton (D:4)
  A giant cockroach (D:1)
  A hobgoblin (D:2)
  2 kobolds
  A frilled lizard (D:1)
  A leopard gecko skeleton (D:4)
10 creatures vanquished.

Notes
Turn   | Place    | Note
-------+----------+-------------------------------------------
     0 | D:1      | teukkam the Minotaur Fighter began the quest for the Orb.
     0 | D:1      | Reached XP level 1. HP: 19/19 MP: 0/0
   192 | D:4      | Found a burning altar of Makhleb.
   233 | D:4      | Noticed a hound
   236 | D:4      | Found an ornate altar of the Wu Jian Council.
   243 | D:4      | Killed a hound
   243 | D:4      | Reached XP level 2. HP: 20/27 MP: 1/1
   243 | D:4      | Reached XP level 3. HP: 24/33 MP: 2/2
   254 | D:4      | Became a worshipper of the Wu Jian Council
   304 | D:4      | Reached XP level 4. HP: 15/41 MP: 3/3
   305 | D:4      | HP: 2/41 [orc wizard/+0 dagger (2)]
   308 | D:4      | Slain by an orc wizard

Skill      XL: |  1 |
---------------+----+-----
Fighting       | 4 |  4.5
Axes           | 3 |  3.6
Armour         | 4 |  4.5
Shields        | 4 |  4.5

Action                   |  1- 3 |  4- 6 || total
-------------------------+-------+-------++-------
Melee: War axe           |    24 |     3 ||    27
       Headbutt          |     4 |       ||     4
  Use: Scroll            |     3 |       ||     3
       Potion            |       |     1 ||     1
Armor: Scale mail        |     9 |     5 ||    14
Dodge: Dodged            |     8 |       ||     8
Block: Shield            |    15 |     7 ||    22
